 Dungeon Crawl Stone Soup version 0.29.0-15-g675c0067aa (webtiles) character file.

Game seed: 4430285257289345040

14699 qw the Severer (level 11, -6/135 (145) HPs)
             Began as a Minotaur Berserker on Sept 12, 2022.
             Was a Priest of Trog.
             Killed from afar by an oklob plant (32 damage)
             ... with a splash of acid
             ... on level 4 of the Lair of Beasts.
             The game lasted 00:04:07 (15370 turns).

qw the Severer (Minotaur Berserker)                Turns: 15370, Time: 00:04:07

HP:   -6/135 (145)  AC:  7    Str: 26    XL:     11   Next: 92%
MP:   8/8           EV:  8    Int: 10    God:    Trog [***...]
Gold: 556           SH: 12    Dex: 16    Spells: 10/10 levels left

rFire   . . .      SeeInvis .   t - +3 broad axe (vamp)
rCold   . . .      Faith    .   q - +0 kite shield
rNeg    . . .      Spirit   .   g - +0 plate armour
rPois   .          Reflect  .   (helmet unavailable)
rElec   .          Harm     .   (no cloak)
rCorr   .          Rampage  .   b - +2 pair of gloves
Will    .....                   s - +1 pair of boots
Stlth   ..........              k - amulet of the acrobat
HPRegen 0.32/turn               h - +6 ring of dexterity
MPRegen 0.11/turn               o - +6 ring of intelligence

@: berserking, corroded, drained, very quick
A: horns 3, retaliatory headbutt, talons 1, low MP 1
a: Renounce Religion, Berserk, Trog's Hand


You were on level 4 of the Lair of Beasts.
You worshipped Trog.
Trog was most pleased with you.
You visited 2 branches of the dungeon, and saw 13 of its levels.

You collected 660 gold pieces.
You spent 104 gold pieces at shops.


Innate Abilities, Weirdness & Mutations

You have a pair of large horns on your head.
You reflexively headbutt those who attack you in melee.
You have sharp toenails.
Your magical capacity is low. (-10% MP)


   Skills:
 - Level 9.0 Fighting
 + Level 16.6 Axes
 - Level 3.2 Throwing
 - Level 8.0 Armour
 - Level 4.0 Dodging
 - Level 10.5 Shields


You had 10 spell levels left.
You didn't know any spells.
Your spell library was empty.

Inventory:

Hand Weapons
 t - a +3 vampiric broad axe (weapon)
 v - a +0 morningstar
Armour
 b - a +2 pair of gloves (worn)
 g - a +0 plate armour (worn)
 q - a +0 kite shield (worn)
 s - a +1 pair of boots (worn)
Jewellery
 h - a +6 ring of dexterity (left hand)
 k - an amulet of the acrobat (around neck)
 l - an amulet of regeneration
 o - a +6 ring of intelligence (right hand)
 p - a ring of resist corrosion
Wands
 c - a wand of digging (1)
Scrolls
 d - 3 scrolls of teleportation
 j - 5 scrolls of identify
Potions
 a - 3 potions of haste
 e - 2 potions of cancellation
 f - 7 potions of curing
 i - a potion of resistance
 m - 5 potions of heal wounds
 n - a potion of might

Dungeon Overview and Level Annotations

Branches:
Dungeon (9/15)             Temple (0/1) D:5            Lair (4/5) D:9
  Swamp (0/4) Lair:2       Spider (0/4) Lair:2        Slime (0/5) Lair:4
    Orc: D:9-12

Altars:
Ashenzari
Dithmenos
Makhleb
Qazlal
Ru
Sif Muna
Trog
Jiyva

Shops:
D:5 !   D:7 :

Annotations:
D:9 2 runed translucent doors
Lair:4 Josephine


Message History

You slash the bullfrog!
The bullfrog is heavily wounded.
The bullfrog hits you. You block the bullfrog's attack.
You slash the bullfrog!
You feel better.
You headbutt the bullfrog.
You kill the bullfrog!
Trog accepts your kill.
You start resting.
HP restored.
You now have 556 gold pieces (gained 21).
f - 7 potions of curing (gained 2) 2 oklob plants come into view.
Found a potion of haste.
Found a viscous altar of Jiyva.
Found a staircase to the Slime Pits.
Enter note:
Enter note: An oklob plant comes into view.
The oklob plant spits acid at you. You block the splash of acid.
The oklob plant spits acid at you. You block the splash of acid.
The oklob plant spits acid at you. The splash of acid misses you.
The oklob plant spits acid at you. The splash of acid hits you!
15368 ||| INVOKING Berserk.
A red film seems to cover your vision as you go berserk!
You feel yourself moving faster!
You feel mighty! The oklob plant spits acid at you.
The splash of acid hits you!! The acid corrodes you!
The oklob plant spits acid at you. The splash of acid hits you!!
The acid corrodes you!
You feel a strong urge to attack something.
You hit the oklob plant but do no damage.
The oklob plant spits acid at you. The splash of acid hits you!!
The acid corrodes you! The oklob plant spits acid at you.
The splash of acid hits you! The oklob plant spits acid at you.
The splash of acid hits you!!
You die...

#####.## ##..##
#####....#
#.#.....##
##.....###
##.....## ####
#.....## ###...##
#.....####.P!>..#
#.....#.#..@_P..#
#....##........P#
#............#.#.#
####......#### #
########


You could see 3 oklob plants.

Vanquished Creatures
  A catoblepas (Lair:2)
  Pikel (D:8)
  3 bog bodies (Lair:2)
  Joseph (D:8)
  3 black mambas
  6 cane toads
  A troll (D:9)
  2 komodo dragons (Lair:1)
  2 polar bears
  Grinder (D:3)
  10 yaks
  Eustachio (D:5)
  A wraith (Lair:4)
  5 wyverns
  A steam dragon (D:9)
  Menkaure (D:6)
  2 swamp worms (Lair:2)
  8 water moccasins
  3 black bears
  2 orc warriors (D:7)
  3 sky beasts
  6 centaurs
  2 ogres (D:6)
  7 wolves (Lair:3)
  3 lemures (D:8)
  3 kobold brigands
  Blork the orc (D:6)
  11 bullfrogs
  2 scorpions
  A killer bee (D:7)
  An electric eel (Lair:2)
  2 gnoll boudas
  A hound (D:5)
  2 jellies
  6 orc priests
  6 orc wizards
  An iguana (D:9)
  21 gnolls
  7 adders
  A white imp (D:5)
  3 ufetubi
  2 worms (D:2)
  5 dart slugs
  33 orcs
  6 ball pythons
  5 endoplasms
  3 giant cockroaches
  16 goblins
  13 hobgoblins
  5 jackals
  5 quokkas
  3 bats
  3 frilled lizards
  28 kobolds
  6 rats
278 creatures vanquished.

Vanquished Creatures (others)
  Jessica (D:3)
  7 fungi
  19 plants
27 creatures vanquished.

Grand Total: 305 creatures vanquished

Notes
Turn   | Place    | Note
-------+----------+-------------------------------------------
     0 | D:1      | qw the Minotaur Berserker began the quest for the Orb.
     0 | D:1      | Reached XP level 1. HP: 19/19 MP: 0/0
     0 | D:1      | 0 ||| qw: Version: 0.1-a-119-g272c26d
     0 | D:1      | 0 ||| qw: Game counter: 10851
     0 | D:1      | 0 ||| qw: Always use a shield: true
     0 | D:1      | 0 ||| qw: Do Orc after D:15 true
     0 | D:1      | 0 ||| qw: Do second Lair branch before Depths: true
     0 | D:1      | 0 ||| qw: Lair rune preference: random
     0 | D:1      | 0 ||| qw: Plans: Normal
     0 | D:1      | 0 ||| PLANNING D:1-11
   113 | D:1      | Reached skill level 4 in Axes
   121 | D:1      | 121 ||| Stepping ~*~*~tactically~*~*~ (stealth).
   135 | D:1      | 135 ||| Stepping ~*~*~tactically~*~*~ (stealth).
   157 | D:1      | 157 ||| Stepping ~*~*~tactically~*~*~ (stealth).
   158 | D:1      | 158 ||| Stepping ~*~*~tactically~*~*~ (stealth).
   268 | D:1      | Reached XP level 2. HP: 26/26 MP: 1/1
   934 | D:1      | Reached ** piety under Trog
  1004 | D:1      | Reached skill level 5 in Axes
  1067 | D:1      | 1067 ||| UPGRADING to +0 leather armour.
  1077 | D:1      | 1077 ||| DROPPING +0 animal skin.
  1078 | D:1      | 1078 ||| READING scroll labelled IPSESUIQAJ.
  1078 | D:1      | Identified a scroll of acquirement
  1078 | D:1      | 1078 ||| ACQUIRING +1 hat of Ijewug {Slay+4 Stlth-}
  1078 | D:1      | Acquired the +1 hat of Ijewug {Slay+4 Stlth-}
  1080 | D:1      | 1080 ||| UPGRADING to +1 hat of Ijewug {Slay+4 Stlth-}.
  1085 | D:1      | 1085 ||| READING scroll labelled CUUTZUPYMA.
  1088 | D:1      | 1088 ||| READING scroll labelled OKLISS XUILIYH.
  1132 | D:2      | Reached XP level 3. HP: 25/31 MP: 2/2
  1492 | D:2      | Found a faded altar of an unknown god.
  1532 | D:2      | 1532 ||| Stepping ~*~*~tactically~*~*~ (stealth).
  1536 | D:2      | 1536 ||| Stepping ~*~*~tactically~*~*~ (stealth).
  1609 | D:2      | 1609 ||| INVOKING Berserk.
  1927 | D:2      | 1927 ||| Stepping ~*~*~tactically~*~*~ (stealth).
  1929 | D:2      | 1929 ||| Stepping ~*~*~tactically~*~*~ (hiding).
  1930 | D:2      | 1930 ||| INVOKING Berserk.
  1937 | D:2      | Reached skill level 6 in Axes
  1937 | D:2      | Reached XP level 4. HP: 39/39 MP: 3/3
  2205 | D:2      | 2205 ||| UPGRADING to +0 pair of gloves.
  2210 | D:2      | 2210 ||| UPGRADING to amulet of the acrobat.
  2215 | D:2      | 2215 ||| UPGRADING to +6 ring of dexterity.
  2216 | D:2      | 2216 ||| READING scroll labelled WAEGEKI SEWU.
  2217 | D:2      | 2217 ||| READING scroll labelled XES IVY HEA.
  2218 | D:2      | 2218 ||| DRINKING 2 purple potions.
  2241 | D:3      | 2241 ||| STAIRDANCE
  2249 | D:2      | 2249 ||| UPGRADING to +0 ring mail.
  2259 | D:2      | 2259 ||| DROPPING +0 leather armour.
  2263 | D:3      | 2263 ||| STAIRDANCE
  2341 | D:3      | 2341 ||| STAIRDANCE
  2343 | D:2      | 2343 ||| INVOKING Berserk.
  2539 | D:3      | 2539 ||| INVOKING Berserk.
  2544 | D:3      | Reached skill level 7 in Axes
  2544 | D:3      | Reached XP level 5. HP: 45/45 MP: 4/4
  2688 | D:3      | Identified the +1 robe of Axekug {-Cast *Slow rPois rN+++}
  3004 | D:3      | Noticed Jessica
  3014 | D:3      | Killed Jessica
  3131 | D:3      | Found a shimmering blue altar of Sif Muna.
  3266 | D:3      | Found a shadowy altar of Dithmenos.
  3365 | D:3      | Noticed Grinder
  3366 | D:3      | 3366 ||| INVOKING Trog's Hand.
  3367 | D:3      | 3367 ||| INVOKING Berserk.
  3371 | D:3      | Killed Grinder
  3372 | D:3      | Reached skill level 6 in Fighting
  3372 | D:3      | Reached XP level 6. HP: 57/57 MP: 5/5
  3481 | D:3      | 3481 ||| READING scroll of acquirement.
  3481 | D:3      | 3481 ||| ACQUIRING +3 vorpal broad axe
  3481 | D:3      | Acquired a +3 vorpal broad axe
  3483 | D:3      | 3483 ||| SWAPPING to +3 vorpal broad axe.
  3484 | D:3      | 3484 ||| DROPPING +0 hand axe.
  3545 | D:3      | 3545 ||| Stepping ~*~*~tactically~*~*~ (stealth).
  3551 | D:3      | 3551 ||| Stepping ~*~*~tactically~*~*~ (stealth).
  3555 | D:3      | 3555 ||| INVOKING Berserk.
  3699 | D:3      | 3699 ||| Stepping ~*~*~tactically~*~*~ (stealth).
  3963 | D:3      | 3963 ||| DROPPING +1 robe of Axekug {-Cast *Slow rPois
                  | rN+++}.
  3964 | D:3      | 3964 ||| UPGRADING to +0 buckler.
  3969 | D:3      | 3969 ||| FLEEEEING.
  3970 | D:3      | 3970 ||| FLEEEEING.
  3971 | D:3      | 3971 ||| FLEEEEING.
  3972 | D:3      | 3972 ||| FLEEEEING.
  3973 | D:3      | 3973 ||| FLEEEEING.
  4042 | D:4      | 4042 ||| Stepping ~*~*~tactically~*~*~ (hiding).
  4154 | D:4      | 4154 ||| INVOKING Berserk.
  4284 | D:4      | Reached skill level 1 in Shields
  4304 | D:4      | Found a bloodstained altar of Trog.
  4460 | D:4      | 4460 ||| INVOKING Berserk.
  4473 | D:4      | 4473 ||| Stepping ~*~*~tactically~*~*~ (stealth).
  4478 | D:4      | 4478 ||| Stepping ~*~*~tactically~*~*~ (stealth).
  4484 | D:4      | 4484 ||| Stepping ~*~*~tactically~*~*~ (stealth).
  4803 | D:4      | 4803 ||| FLEEEEING.
  4806 | D:4      | 4806 ||| FLEEEEING.
  4809 | D:4      | 4809 ||| FLEEEEING.
  4810 | D:4      | 4810 ||| FLEEEEING.
  4811 | D:4      | 4811 ||| FLEEEEING.
  4814 | D:4      | 4814 ||| FLEEEEING.
  4815 | D:4      | 4815 ||| FLEEEEING.
  4816 | D:4      | 4816 ||| FLEEEEING.
  4817 | D:4      | 4817 ||| FLEEEEING.
  4818 | D:4      | 4818 ||| FLEEEEING.
  4819 | D:4      | 4819 ||| FLEEEEING.
  4820 | D:4      | 4820 ||| FLEEEEING.
  4821 | D:4      | 4821 ||| FLEEEEING.
  4825 | D:4      | 4825 ||| FLEEEEING.
  4826 | D:4      | 4826 ||| FLEEEEING.
  4831 | D:4      | 4831 ||| STAIRDANCE
  4893 | D:3      | 4893 ||| UPGRADING to +0 plate armour.
  4903 | D:3      | 4903 ||| DROPPING +0 ring mail.
  4904 | D:3      | 4904 ||| UPGRADING to +0 pair of boots.
  4909 | D:3      | 4909 ||| READING scroll labelled PYUJUASCH MU FOPUO.
  4910 | D:3      | 4910 ||| READING scroll labelled FUSEMA USMIH.
  5051 | D:3      | 5051 ||| DRINKING 4 amethyst potions.
  5052 | D:3      | 5052 ||| DROPPING 3 potions of brilliance.
  5063 | D:4      | 5063 ||| INVOKING Berserk.
  5179 | D:4      | 5179 ||| INVOKING Berserk.
  5456 | D:4      | 5456 ||| INVOKING Berserk.
  5458 | D:4      | Reached XP level 7. HP: 63/63 MP: 6/6
  5670 | D:4      | 5670 ||| DROPPING ring of flight.
  5671 | D:4      | 5671 ||| READING 2 scrolls of identify.
  5671 | D:4      | 5671 ||| IDENTIFYING clear potion
  5675 | D:5      | Entered Level 5 of the Dungeon
  5676 | D:5      | 5676 ||| STAIRDANCE
  5679 | D:4      | Reached skill level 8 in Axes
  5681 | D:5      | 5681 ||| STAIRDANCE
  5714 | D:5      | 5714 ||| STAIRDANCE
  5820 | D:5      | 5820 ||| STAIRDANCE
  5822 | D:4      | 5822 ||| INVOKING Berserk.
  5967 | D:5      | Found Teneduef's Distillery.
  5972 | D:5      | 5972 ||| SHOPLISTING 2 potions of resistance (260 gold,
                  | have 196).
  5972 | D:5      | 5972 ||| BUYING potion of curing (39 gold).
  5972 | D:5      | Bought a potion of curing for 39 gold pieces
  5972 | D:5      | 5972 ||| BUYING potion of heal wounds (65 gold).
  5972 | D:5      | Bought a potion of heal wounds for 65 gold pieces
  5972 | D:5      | 5972 ||| SHOPLISTING potion of resistance (130 gold, have
                  | 92).
  6105 | D:5      | 6105 ||| INVOKING Berserk.
  6213 | D:5      | Found a staircase to the Ecumenical Temple.
  6247 | D:5      | Noticed Eustachio
  6253 | D:5      | 6253 ||| INVOKING Berserk.
  6262 | D:5      | Killed Eustachio
  6263 | D:5      | Reached skill level 9 in Axes
  6265 | D:5      | Reached skill level 3 in Shields
  6265 | D:5      | Reached XP level 8. HP: 55/70 MP: 7/7
  6413 | D:5      | 6413 ||| Stepping ~*~*~tactically~*~*~ (stealth).
  6414 | D:5      | 6414 ||| Stepping ~*~*~tactically~*~*~ (stealth).
  6415 | D:5      | Reached *** piety under Trog
  6772 | D:5      | 6772 ||| Stepping ~*~*~tactically~*~*~ (stealth).
  6773 | D:5      | 6773 ||| Stepping ~*~*~tactically~*~*~ (stealth).
  6780 | D:5      | 6780 ||| Stepping ~*~*~tactically~*~*~ (hiding).
  7002 | D:5      | 7002 ||| UPGRADING to +0 kite shield.
  7012 | D:5      | 7012 ||| DROPPING +0 buckler.
  7013 | D:5      | 7013 ||| READING 4 scrolls labelled HUZ JATUOHU.
  7014 | D:5      | 7014 ||| READING 3 scrolls of enchant armour.
  7014 | D:5      | 7014 ||| ENCHANTING +0 pair of gloves.
  7015 | D:5      | 7015 ||| READING 2 scrolls of enchant armour.
  7015 | D:5      | 7015 ||| ENCHANTING +1 pair of gloves.
  7016 | D:5      | 7016 ||| READING scroll of enchant armour.
  7016 | D:5      | 7016 ||| ENCHANTING +0 pair of boots.
  7017 | D:5      | 7017 ||| READING scroll labelled VIKLUY OTWATIR.
  7018 | D:5      | 7018 ||| DRINKING 2 brown potions.
  7019 | D:5      | 7019 ||| READING 4 scrolls of identify.
  7019 | D:5      | 7019 ||| IDENTIFYING fizzy silvery potion
  7020 | D:5      | 7020 ||| READING 3 scrolls of identify.
  7020 | D:5      | 7020 ||| IDENTIFYING bubbling pink potion
  7021 | D:5      | 7021 ||| DROPPING potion of lignification.
  7022 | D:5      | 7022 ||| DROPPING potion of attraction.
  7023 | D:5      | 7023 ||| DROPPING potion of magic.
  7045 | D:6      | Identified the +1 chain mail of Penkisij {rC+}
  7147 | D:6      | 7147 ||| INVOKING Berserk.
  7308 | D:6      | 7308 ||| INVOKING Berserk.
  7312 | D:6      | Reached skill level 6 in Shields
  7493 | D:6      | Noticed Menkaure
  7497 | D:6      | 7497 ||| INVOKING Berserk.
  7498 | D:6      | Killed Menkaure
  7631 | D:6      | 7631 ||| INVOKING Berserk.
  7818 | D:6      | 7818 ||| Stepping ~*~*~tactically~*~*~ (hiding).
  7830 | D:6      | Reached skill level 10 in Axes
  7869 | D:6      | Noticed Blork the orc
  7872 | D:6      | 7872 ||| INVOKING Berserk.
  7874 | D:6      | Killed Blork the orc
  8014 | D:6      | Found a sacrificial altar of Ru.
  8213 | D:6      | 8213 ||| DROPPING +1 chain mail of Penkisij {rC+}.
  8214 | D:6      | 8214 ||| READING scroll labelled CUS XIL KENG.
  8315 | D:6      | 8315 ||| DRINKING 2 orange potions.
  8315 | D:6      | Gained mutation: Armour fits poorly on your strangely
                  | shaped body. [potion of mutation]
  8315 | D:6      | Gained mutation: Your movements are slightly less
                  | encumbered by armour. (ER -2) [potion of mutation]
  8316 | D:6      | 8316 ||| DRINKING potion of mutation.
  8316 | D:6      | Lost mutation: Your movements are slightly less encumbered
                  | by armour. (ER -2) [potion of mutation]
  8316 | D:6      | Lost mutation: Armour fits poorly on your strangely shaped
                  | body. [potion of mutation]
  8316 | D:6      | Gained mutation: You have hidden genetic potential. [potion
                  | of mutation]
  8316 | D:6      | Gained mutation: Your magical capacity is low. (-10% MP)
                  | [potion of mutation]
  8370 | D:7      | 8370 ||| INVOKING Berserk.
  8503 | D:7      | 8503 ||| Stepping ~*~*~tactically~*~*~ (hiding).
  8510 | D:7      | 8510 ||| INVOKING Berserk.
  8516 | D:7      | Reached XP level 9. HP: 75/75 MP: 7/7
  8684 | D:7      | Found a stormy altar of Qazlal.
  8689 | D:7      | 8689 ||| INVOKING Berserk.
  8695 | D:7      | Reached skill level 11 in Axes
  8947 | D:7      | Found Dojeppem's Book Shop.
  9072 | D:7      | Reached skill level 3 in Dodging
  9188 | D:7      | 9188 ||| INVOKING Berserk.
  9315 | D:7      | 9315 ||| Stepping ~*~*~tactically~*~*~ (stealth).
  9335 | D:7      | Gained mutation: You have sharp toenails. [hidden
                  | potential]
  9356 | D:7      | Reached **** piety under Trog
  9670 | D:7      | 9670 ||| UPGRADING to ring of resist corrosion.
  9671 | D:7      | 9671 ||| UPGRADING to +6 ring of intelligence.
  9673 | D:7      | 9673 ||| READING 3 scrolls labelled ERCHYB CINI.
  9674 | D:7      | 9674 ||| READING 2 scrolls of enchant weapon.
  9674 | D:7      | 9674 ||| ENCHANTING +4 vorpal broad axe.
  9675 | D:7      | 9675 ||| READING scroll of enchant weapon.
  9675 | D:7      | 9675 ||| ENCHANTING +5 vorpal broad axe.
  9676 | D:7      | 9676 ||| READING 2 scrolls of identify.
  9676 | D:7      | 9676 ||| IDENTIFYING fuming emerald potion
  9708 | D:8      | 9708 ||| Stepping ~*~*~tactically~*~*~ (stealth).
  9709 | D:8      | 9709 ||| Stepping ~*~*~tactically~*~*~ (stealth).
  9724 | D:8      | Reached skill level 12 in Axes
  9755 | D:8      | Noticed Pikel
  9759 | D:8      | 9759 ||| INVOKING Berserk.
  9765 | D:8      | Killed Pikel
  9935 | D:8      | 9935 ||| Stepping ~*~*~tactically~*~*~ (hiding).
  9940 | D:8      | 9940 ||| INVOKING Berserk.
  9946 | D:8      | Noticed Joseph
  9947 | D:8      | 9947 ||| Stepping ~*~*~tactically~*~*~ (hiding).
  9959 | D:8      | Killed Joseph
  9995 | D:8      | 9995 ||| FLEEEEING.
 10024 | D:8      | 10024 ||| FLEEEEING.
 10025 | D:8      | 10025 ||| FLEEEEING.
 10144 | D:8      | 10144 ||| Stepping ~*~*~tactically~*~*~ (hiding).
 10145 | D:8      | 10145 ||| Stepping ~*~*~tactically~*~*~ (hiding).
 10148 | D:8      | 10148 ||| INVOKING Berserk.
 10155 | D:8      | Reached XP level 10. HP: 84/84 MP: 8/8
 10264 | D:8      | 10264 ||| READING scroll of enchant weapon.
 10264 | D:8      | 10264 ||| ENCHANTING +6 vorpal broad axe.
 10318 | D:8      | 10318 ||| READING scroll of enchant weapon.
 10318 | D:8      | 10318 ||| ENCHANTING +7 vorpal broad axe.
 10321 | D:8      | Found a broken altar of Ashenzari.
 10383 | D:8      | 10383 ||| READING scroll of enchant weapon.
 10383 | D:8      | 10383 ||| ENCHANTING +8 vorpal broad axe.
 10385 | D:8      | 10385 ||| Stepping ~*~*~tactically~*~*~ (stealth).
 10386 | D:8      | 10386 ||| Stepping ~*~*~tactically~*~*~ (stealth).
 10393 | D:8      | 10393 ||| READING scroll of acquirement.
 10393 | D:8      | 10393 ||| ACQUIRING +2 vampiric broad axe
 10393 | D:8      | Acquired a +2 vampiric broad axe
 10395 | D:8      | 10395 ||| SWAPPING to +2 vampiric broad axe.
 10396 | D:8      | 10396 ||| DROPPING +9 vorpal broad axe.
 10432 | D:8      | 10432 ||| Stepping ~*~*~tactically~*~*~ (hiding).
 10455 | D:8      | 10455 ||| DROPPING +0 flail.
 10542 | D:8      | 10542 ||| READING scroll labelled INGUOTR BOYWE.
 10543 | D:8      | 10543 ||| READING scroll labelled OGU OJU WUAXKOI.
 10544 | D:8      | 10544 ||| READING 4 scrolls of teleportation.
 10648 | D:9      | 10648 ||| Stepping ~*~*~tactically~*~*~ (stealth).
 10654 | D:9      | 10654 ||| Stepping ~*~*~tactically~*~*~ (stealth).
 10707 | D:9      | 10707 ||| INVOKING Berserk.
 10870 | D:9      | 10870 ||| Stepping ~*~*~tactically~*~*~ (stealth).
 10875 | D:9      | 10875 ||| Stepping ~*~*~tactically~*~*~ (stealth).
 10883 | D:9      | 10883 ||| Stepping ~*~*~tactically~*~*~ (stealth).
 10885 | D:9      | 10885 ||| Stepping ~*~*~tactically~*~*~ (stealth).
 10896 | D:9      | 10896 ||| Stepping ~*~*~tactically~*~*~ (stealth).
 10937 | D:9      | Found a burning altar of Makhleb.
 10939 | D:9      | Noticed a balrug
 10959 | D:9      | 10959 ||| INVOKING Berserk.
 10962 | D:9      | Reached skill level 9 in Shields
 11097 | D:9      | Noticed a centaur warrior
 11113 | D:9      | 11113 ||| Stepping ~*~*~tactically~*~*~ (stealth).
 11114 | D:9      | 11114 ||| Stepping ~*~*~tactically~*~*~ (stealth).
 11115 | D:9      | 11115 ||| Stepping ~*~*~tactically~*~*~ (stealth).
 11125 | D:9      | 11125 ||| Stepping ~*~*~tactically~*~*~ (stealth).
 11130 | D:9      | Reached skill level 13 in Axes
 11130 | D:9      | Gained mutation: You have a pair of large horns on your
                  | head. [hidden potential]
 11130 | D:9      | Lost mutation: You have hidden genetic potential. [hidden
                  | potential expressed]
 11131 | D:9      | Reached skill level 3 in Throwing
 11237 | D:9      | Found a staircase to the Lair.
 11329 | D:9      | Found a large runed translucent door.
 11329 | D:9      | Found a large runed translucent door.
 11330 | D:9      | Noticed a two-headed ogre
 11366 | D:9      | Noticed a two-headed ogre
 11504 | D:9      | 11504 ||| PLANNING LAIR
 11504 | D:9      | 11504 ||| DROPPING +1 hat of Ijewug {Slay+4 Stlth-}.
 11505 | D:9      | 11505 ||| READING scroll labelled QOUCYR HYFIECS.
 11538 | Lair:1   | Entered Level 1 of the Lair of Beasts
 11555 | Lair:1   | 11555 ||| READING scroll of enchant weapon.
 11555 | Lair:1   | 11555 ||| ENCHANTING +2 vampiric broad axe.
 11691 | Lair:1   | 11691 ||| INVOKING Berserk.
 11703 | Lair:1   | Reached skill level 14 in Axes
 12224 | Lair:1   | 12224 ||| INVOKING Berserk.
 12400 | Lair:2   | Found a hole to the Spider Nest.
 12462 | Lair:2   | You fall into a shaft and drop 2 floors!
 12483 | Lair:3   | 12483 ||| Stepping ~*~*~tactically~*~*~ (stealth).
 12500 | Lair:3   | Reached XP level 11. HP: 93/94 MP: 8/8
 12535 | Lair:3   | 12535 ||| INVOKING Berserk.
 12664 | Lair:3   | 12664 ||| READING 6 scrolls of identify.
 12664 | Lair:3   | 12664 ||| IDENTIFYING glowing blue potion
 12680 | Lair:2   | 12680 ||| INVOKING Berserk.
 12813 | Lair:2   | 12813 ||| INVOKING Berserk.
 12949 | Lair:2   | Noticed a bog body
 12956 | Lair:2   | Killed a bog body
 13157 | Lair:2   | 13157 ||| INVOKING Berserk.
 13161 | Lair:2   | Reached skill level 15 in Axes
 13310 | Lair:2   | Noticed a bog body
 13311 | Lair:2   | 13311 ||| Stepping ~*~*~tactically~*~*~ (hiding).
 13314 | Lair:2   | 13314 ||| INVOKING Berserk.
 13316 | Lair:2   | Killed a bog body
 13408 | Lair:2   | Found a staircase to the Swamp.
 13408 | Lair:2   | Noticed a bog body
 13411 | Lair:2   | 13411 ||| INVOKING Berserk.
 13418 | Lair:2   | Reached skill level 9 in Fighting
 13420 | Lair:2   | Killed a bog body
 13617 | Lair:2   | 13617 ||| INVOKING Berserk.
 13826 | Lair:2   | Noticed a catoblepas
 13827 | Lair:2   | 13827 ||| INVOKING Berserk.
 13829 | Lair:2   | Killed a catoblepas
 13951 | Lair:2   | 13951 ||| INVOKING Berserk.
 14157 | Lair:2   | Reached skill level 16 in Axes
 14345 | Lair:3   | 14345 ||| INVOKING Berserk.
 14677 | Lair:3   | 14677 ||| INVOKING Berserk.
 14985 | Lair:4   | 14985 ||| INVOKING Berserk.
 15099 | Lair:4   | 15099 ||| INVOKING Berserk.
 15117 | Lair:4   | Noticed Josephine
 15128 | Lair:4   | HP: 22/88 [wraith[Josephine] (2)]
 15129 | Lair:4   | 15129 ||| READING 4 scrolls of teleportation.
 15130 | Lair:4   | 15130 ||| DRINKING 6 potions of heal wounds.
 15139 | Lair:4   | 15139 ||| INVOKING Berserk.
 15364 | Lair:4   | Found a viscous altar of Jiyva.
 15364 | Lair:4   | Found a staircase to the Slime Pits.
 15364 | Lair:4   | Noticed an oklob plant
 15364 | Lair:4   | Noticed an oklob plant
 15365 | Lair:4   | Noticed an oklob plant
 15368 | Lair:4   | 15368 ||| INVOKING Berserk.
 15370 | Lair:4   | HP: 26/135 [oklob plant/splash of acid (14)]
 15370 | Lair:4   | Killed from afar by an oklob plant

Levels and vault maps discovered:
D:1:      saegor_arrival_simple_e, layout_basic
D:2:      layout_loops_corners, hellmonk_ecumenical_altar_blasted
D:3:      layout_loops_corners, tgw_sif, nicolae_dithmenos_the_darkroom,
          small_statue_intersection, minmay_goblin_outpost, uniq_grinder
D:4:      layout_basic, kennysheep_mini, minmay_diced_spiral
D:5:      corexii_shantytown, layout_cave_pools,
          minmay_temple_entry_statues_fountains, serial_shops, shop,
          patterned_corridor, uniq_eustachio
D:6:      layout_gridville, nicolae_ru_great_annihilating_truth,
          uniq_blork_the_orc, uniq_menkaure
D:7:      kennysheep_spiral_hall, layout_basic,
          nicolae_qazlal_scattered_showers, serial_shops,
          nicolae_shop_hallway_plus
D:8:      layout_basic, ashenzari_conservatory_becter, uniq_pikel, uniq_joseph
D:9:      okawaru_arena_lexackson, layout_irregular_city,
          makhleb_altar_promises_db, minmay_lair_entry_grove,
          grunt_decor_arrowhead
Lair:1:   layout_roguey
Lair:2:   layout_hall_layers, nicolae_swamp_entry_splash_gauntlet,
          spider_nest_entry_web_field
Lair:3:   layout_roguey, lemuel_fruit_fields, lemuel_fruit_tree
Lair:4:   gammafunk_indiana_jones, layout_layer_cave,
          minmay_slime_entry_oklob_enclosed, uniq_josephine

Skill      XL: |  1  2  3  4  5  6  7  8  9 10 11 |
---------------+----------------------------------+-----
Axes           | 4 5 6 7 9 10 12 14 16 | 16.6
Fighting       | 6 8 9 |  9.0
Shields        | 2 3 7 8 9 10 | 10.5
Armour         | 4 5 7 8 |  8.0
Dodging        | 3 4 |  4.0
Throwing       | 2 3 |  3.2

Action                   |  1- 3 |  4- 6 |  7- 9 | 10-12 || total
-------------------------+-------+-------+-------+-------++-------
Melee: Hand axe          |    79 |    34 |       |       ||   113
       Headbutt          |    11 |    13 |    30 |    41 ||    95
       Punch             |     1 |       |       |       ||     1
       Broad axe         |       |    43 |   171 |   193 ||   407
Throw: Javelin           |       |       |     1 |    29 ||    30
       Boomerang         |       |       |       |    23 ||    23
Invok: Berserk           |     2 |     9 |    15 |    19 ||    45
       Trog's Hand       |       |     1 |       |       ||     1
  Use: Scroll            |     3 |     5 |    13 |    11 ||    32
       Potion            |       |     2 |     3 |     1 ||     6
 Stab: Paralysed         |       |       |     1 |       ||     1
Armor: Animal skin       |     4 |       |       |       ||     4
       Leather armour    |     5 |     2 |       |       ||     7
       Ring mail         |       |     3 |       |       ||     3
       Plate armour      |       |     1 |    54 |    82 ||   137
Dodge: Dodged            |    35 |    42 |    55 |    50 ||   182
Block: Buckler           |       |     2 |    13 |       ||    15
       Kite shield       |       |       |    35 |   105 ||   140

Table legend:
 A = Non-vault XP
 B = Vault XP
 C = Vault XP percentage of total XP
 D = Non-vault monster count
 E = Vault monster count
 F = Vault count percentage of total count
                 A         B        C        D         E       F
            +---------+---------+-------+---------+---------+-------
      Total |   13723 |    7276 |  34.6 |     202 |      73 |  26.5
            +---------+---------+-------+---------+---------+-------
        D:1 |      37 |       0 |   0.0 |      22 |       0 |   0.0
        D:2 |     156 |       0 |   0.0 |      25 |       0 |   0.0
        D:3 |     127 |     278 |  68.6 |      15 |       4 |  21.1
        D:4 |     408 |      17 |   4.0 |      24 |       3 |  11.1
        D:5 |     253 |     330 |  56.6 |       9 |      34 |  79.1
        D:6 |     670 |     299 |  30.9 |      13 |       6 |  31.6
        D:7 |    1222 |     368 |  23.1 |      20 |       4 |  16.7
        D:8 |     458 |    1148 |  71.5 |      16 |       2 |  11.1
        D:9 |     852 |    2187 |  72.0 |      18 |      13 |  41.9
     Lair:1 |    1748 |       0 |   0.0 |       7 |       0 |   0.0
     Lair:2 |    4194 |    2447 |  36.8 |      14 |       6 |  30.0
     Lair:3 |    2433 |       0 |   0.0 |      14 |       0 |   0.0
     Lair:4 |    1165 |     202 |  14.8 |       5 |       1 |  16.7
            +---------+---------+-------+---------+---------+-------
